Map: [TLMC TM2] Nightscape

Players

jeannysu - Winner!

  • Race: Zerg Zerg
  • Spawn Location: 1:00

치터 칸 (가장 어려움)

  • Race: Protoss Protoss
  • Spawn Location: 7:00

치터 칸 (가장 어려움)

  • Race: Zerg Zerg
  • Spawn Location: 7:00

프로브 - Winner!

  • Race: Terran Terran
  • Spawn Location: 1:00

VOD

Have the link to the VOD?

Description

Time

  • Played on: Oct. 3, 2025, 7:17 a.m.
  • Length: 13:13
Show
View Real Time Build Order
Export as new Build Order

jeannysu Zerg - Winner!

Build Orders: Hatch First 

Get SALT Encoding   

  12  0:00  Drone  
  13  0:08  Drone  
  14  0:14  Extractor  
  14  0:15  Drone  
  15  0:22  Overlord  
  15  0:46  Drone  
  15  0:47  Hatchery  
  16  0:50  Drone  
  16  0:54  Drone  
  17  1:04  Drone  
  17  1:08  Extractor  
  17  1:12  Drone  
  17  1:18  Spawning Pool  
  17  1:20  Drone  
  18  1:29  Drone  
  19  1:40  Drone  
  20  1:50  Overlord  
  20  2:04  Queen x2  
  20  2:06  Zergling x4  
  26  2:13  Metabolic Boost  
  26  2:15  Drone  
  27  2:17  Drone  
  27  2:22  Drone  
  29  2:23  Drone  
  30  2:32  Drone  
  30  2:33  Drone  
  32  2:38  Baneling Nest  
  32  2:43  Queen  
  33  2:47  Drone  
  33  2:49  Drone  
  35  2:52  Drone  
  36  2:59  Overlord  
  35  3:19  Drone  
  36  3:20  Drone x4  
  36  3:21  Hatchery  
  39  3:31  Drone x4  
  43  3:37  Drone, Roach Warren  
  43  3:41  Overlord  
  43  3:57  Drone, Extractor x2  
  43  3:58  Drone  
  43  4:03  Drone  
  43  4:04  Drone x6  
  43  4:06  Lair  
  50  4:13  Extractor  
  50  4:15  Drone  
  50  4:28  Overlord x3  
  50  4:37  Evolution Chamber  
  49  4:38  Drone  
  49  4:39  Drone x4  
  49  4:40  Overlord  
  54  4:50  Drone  
  54  4:51  Drone x4  
  59  5:01  Roach x2  
  59  5:05  Roach x4  
  71  5:09  Zerg Ground Armor Level 1  
  71  5:13  Glial Reconstitution  
  71  5:15  Drone x6  
  71  5:18  Roach  
  79  5:23  Extractor, Queen  
  79  5:24  Extractor  
  79  5:25  Roach  
  79  5:26  Roach  
  83  5:34  Roach  
  83  5:35  Roach x2  
  89  5:38  Overlord x2  
  89  5:39  Overlord x2  
  89  5:56  Roach  
  89  5:57  Roach x4  
  97  5:59  Overlord  
  97  6:02  Drone  
  100  6:09  Drone  
  101  6:19  Roach  
  101  6:20  Roach x2  
  101  6:21  Ravager  
  101  6:22  Hatchery, Ravager x5  
  112  6:27  Centrifugal Hooks  
  112  6:30  Drone x2  
  112  6:31  Drone x2  
  116  6:34  Roach  
  116  6:35  Roach  
  116  6:37  Overlord x5  
  120  6:43  Evolution Chamber  
  119  6:48  Roach  
  121  6:56  Roach x2  
  121  6:57  Roach x7  
  139  7:06  Roach  
  139  7:07  Roach  
  143  7:14  Infestation Pit  
  140  7:33  Roach  
  140  7:34  Roach x12  
  149  7:49  Roach  
  149  7:50  Roach x7  
  157  8:02  Zerg Ground Armor Level 2  
  153  8:06  Zerg Missile Weapons Level 1  
  137  8:17  Roach  
  137  8:18  Roach x11  
  142  8:38  Roach x3  
  140  8:42  Overseer  
  140  8:55  Hive  
  140  8:56  Infestor x2  
  140  8:57  Hatchery  
  140  9:00  Hatchery  
  140  9:01  Roach  
  140  9:02  Roach x3  
  150  9:18  Roach  
  150  9:19  Roach x5  
  150  9:21  Overlord x3  
  150  9:48  Roach  
  150  9:49  Roach x8  
  166  10:22  Roach  
  166  10:23  Roach x11  
  188  10:30  Adrenal Glands  
  188  10:32  Zerg Ground Armor Level 3  
  184  10:39  Zerg Missile Weapons Level 2  
  178  10:44  Roach  
  178  10:45  Roach x8  
  194  10:54  Drone x4  
  198  10:57  Overlord x3  
  198  11:04  Microbial Shroud  
  194  11:20  Overseer  
  186  12:17  Roach  
  186  12:18  Roach x6  
  200  12:58  Ultralisk Cavern  
  199  12:59  Drone  
  199  13:05  Extractor x2  
Show
View Real Time Build Order
Export as new Build Order

치터 칸 (가장 어려움) Protoss 

Build Orders: Double Forge, Archon Immortal 

Get SALT Encoding   

  12  0:00  Probe  
  13  0:13  Probe  
  14  0:19  Pylon  
  14  0:25  Probe  
  15  0:33  Probe  
  15  0:41  Probe, Assimilator  
  16  0:45  Gateway  
  17  0:52  Probe  
  17  0:53  Pylon  
  18  1:00  Probe  
  19  1:08  Probe  
  19  1:18  Probe  
  20  1:24  Gateway  
  21  1:30  Probe  
  22  1:34  Zealot  
  22  1:35  Pylon  
  22  1:36  Cybernetics Core  
  24  1:42  Probe  
  25  1:54  Probe, Zealot  
  26  2:04  Gateway  
  26  2:06  Probe  
  29  2:09  Stalker  
  29  2:11  Gateway  
  29  2:15  Warp Gate  
  31  2:19  Adept  
  33  2:24  Probe  
  33  2:25  Pylon  
  33  2:27  Assimilator  
  34  2:36  Probe, Stalker  
  37  2:48  Adept  
  37  2:50  Adept  
  41  2:53  Pylon  
  41  2:56  Stalker  
  41  2:57  Adept  
  45  3:16  Stalker  
  45  3:17  Pylon, Stalker  
  47  3:20  Stalker  
  47  3:24  Stalker  
  53  3:40  Pylon  
  53  3:45  Stalker  
  53  3:46  Adept  
  57  3:49  Stalker  
  57  3:50  Adept  
  61  3:59  Robotics Facility  
  61  4:00  Twilight Council  
  61  4:16  Pylon  
  61  4:22  Stalker  
  63  4:29  Forge  
  63  4:34  Zealot  
  63  4:37  Forge, Nexus  
  65  4:40  Templar Archives  
  65  5:17  High Templar x2  
  65  5:19  Sentry  
  71  5:23  Zealot  
  71  5:25  Pylon  
  73  5:36  Archon  
  73  5:39  Sentry  
  73  5:42  Zealot  
  77  5:43  Zealot  
  77  5:49  Pylon, Probe x2, Zealot  
  83  5:58  Zealot  
  83  6:00  Assimilator  
  83  6:01  Probe  
  83  6:02  Probe, Assimilator, Zealot  
  83  6:04  Zealot  
  91  6:09  Zealot  
  93  6:12  Pylon, Zealot  
  93  6:13  Probe  
  93  6:14  Probe  
  97  6:22  High Templar  
  97  6:24  Zealot  
  101  6:26  Probe, Zealot  
  101  6:30  Probe  
  101  6:31  Immortal  
  101  6:32  Zealot  
  111  6:38  Probe  
  112  6:40  Pylon, Zealot  
  112  6:44  Zealot  
  116  6:53  High Templar  
  118  6:58  Zealot, Probe x2, Nexus  
  118  6:59  Zealot  
  124  7:03  Pylon  
  124  7:05  Zealot  
  126  7:17  Archon  
  126  7:22  Observer, Probe x2  
  129  7:23  High Templar  
  129  7:25  Pylon, High Templar  
  133  7:33  Protoss Ground Weapons Level 1  
  133  7:34  Probe  
  134  7:41  Psionic Storm  
  134  7:44  Immortal, Probe  
  135  7:45  Protoss Ground Armor Level 1  
  135  7:46  Probe  
  135  7:49  Pylon  
  140  7:52  Probe  
  140  7:58  Probe  
  142  8:05  Charge  
  142  8:10  Pylon, Nexus  
  142  8:18  Zealot  
  142  8:22  Stalker  
  142  8:23  Stalker  
  142  8:24  Immortal  
  142  8:27  Sentry  
  94  8:38  Stalker  
  68  8:45  Stalker  
  68  8:46  Zealot  
  68  8:50  Stalker  
  70  9:00  Zealot  
  72  9:03  Immortal  
  72  9:07  Zealot  
  72  9:08  High Templar  
  80  9:13  Adept  
  80  9:14  Sentry  
  84  9:24  Probe x3  
  86  9:25  Stalker  
  89  9:33  Stalker  
  89  9:35  Sentry  
  89  9:36  Probe  
  89  9:37  Probe x2  
  89  9:38  High Templar  
  98  9:39  Assimilator  
  98  9:41  Assimilator, Adept  
  98  9:42  Immortal  
  104  9:48  Probe  
  104  9:49  Probe  
  104  9:51  Probe  
  104  9:52  Photon Cannon  
  107  9:56  Pylon, Zealot  
  107  9:58  Zealot  
  111  10:00  Probe, Adept  
  111  10:01  Probe  
  111  10:03  Probe  
  111  10:04  Stalker  
  109  10:12  Probe  
  109  10:13  Probe, High Templar  
  89  10:15  Probe  
  89  10:16  Sentry  
  89  10:20  Zealot  
  85  10:21  Immortal  
  85  10:23  Probe  
  85  10:24  Probe  
  85  10:26  Probe  
  85  10:27  Stalker  
  72  10:32  Assimilator  
  72  10:33  Probe  
  72  10:36  Probe  
  72  10:38  Probe  
  72  10:39  Stalker, Adept  
  72  10:41  Stalker  
  78  10:44  Probe  
  78  10:48  Probe  
  78  10:51  High Templar  
  78  10:55  Sentry  
  68  10:59  Zealot  
  68  11:01  Immortal  
  68  11:04  Stalker  
  62  11:17  Stalker  
  39  11:20  High Templar  
  39  11:23  Zealot  
  33  11:27  Pylon  
  33  11:29  Probe  
  26  11:40  Immortal, Adept  
  26  11:41  Pylon, Probe  
  29  11:52  Pylon  
  26  12:01  High Templar  
Show
View Real Time Build Order
Export as new Build Order

치터 칸 (가장 어려움) Zerg 

Build Orders: Pool First, Lurkers 

Get SALT Encoding   

  12  0:01  Drone  
  13  0:11  Overlord  
  13  0:15  Drone  
  14  0:29  Drone x2  
  14  0:33  Drone  
  17  0:42  Spawning Pool  
  16  0:43  Drone  
  17  0:58  Hatchery  
  17  1:01  Drone  
  17  1:04  Extractor  
  16  1:05  Extractor  
  16  1:06  Drone  
  16  1:16  Drone  
  17  1:26  Drone  
  18  1:33  Queen  
  18  1:37  Overlord  
  20  1:48  Zergling x2  
  21  1:58  Drone  
  22  2:09  Drone, Queen  
  22  2:10  Drone  
  26  2:18  Roach Warren  
  26  2:20  Drone  
  26  2:21  Drone  
  27  2:31  Drone x2  
  29  2:39  Zergling x2, Drone  
  29  2:40  Zergling x2  
  29  2:42  Drone x2  
  34  2:53  Overlord  
  34  3:00  Roach  
  34  3:02  Lair  
  36  3:06  Overlord  
  36  3:10  Overlord  
  36  3:14  Roach x2  
  36  3:15  Zergling x2  
  36  3:16  Zergling x2, Roach  
  44  3:25  Zergling x2  
  44  3:26  Drone  
  46  3:36  Drone x2  
  46  3:38  Overlord  
  46  3:39  Roach x2  
  52  3:44  Drone x2, Roach  
  52  3:47  Roach  
  52  3:48  Drone  
  59  3:58  Drone  
  59  3:59  Roach  
  62  4:03  Hydralisk Den  
  62  4:07  Overlord  
  62  4:08  Drone, Roach  
  62  4:09  Overlord  
  64  4:25  Overlord  
  64  4:31  Hydralisk x3  
  64  4:32  Hydralisk x3  
  64  4:35  Hydralisk  
  64  4:36  Hydralisk x2  
  82  4:42  Hydralisk  
  82  4:43  Hydralisk  
  86  4:46  Hydralisk x2, Overlord  
  90  4:54  Hydralisk, Overlord  
  92  5:02  Metabolic Boost  
  92  5:05  Drone x2, Evolution Chamber  
  92  5:06  Drone  
  94  5:07  Drone  
  94  5:08  Drone  
  96  5:14  Evolution Chamber  
  96  5:15  Drone  
  96  5:18  Drone, Overlord, Evolution Chamber  
  96  5:20  Drone  
  97  5:22  Drone  
  97  5:23  Ravager  
  97  5:25  Ravager  
  97  5:27  Drone  
  101  5:29  Drone  
  101  5:30  Extractor  
  101  5:31  Zerg Ground Armor Level 1  
  101  5:33  Drone  
  101  5:34  Drone x2, Extractor  
  103  5:37  Overlord  
  103  5:39  Lurker Den, Zerg Missile Weapons Level 1  
  103  5:41  Drone  
  103  5:44  Hatchery  
  103  5:45  Zerg Melee Weapons Level 1  
  103  5:48  Drone  
  103  5:51  Drone x3  
  103  5:52  Drone  
  107  6:01  Drone  
  107  6:02  Drone, Overlord, Roach  
  107  6:03  Roach  
  113  6:11  Drone  
  113  6:14  Drone, Glial Reconstitution  
  113  6:15  Spine Crawler  
  113  6:16  Overseer  
  113  6:18  Spine Crawler  
  113  6:20  Pneumatized Carapace  
  113  6:21  Overlord, Roach  
  113  6:22  Drone, Baneling Nest  
  113  6:23  Drone  
  113  6:24  Drone  
  117  6:30  Burrow, Roach  
  117  6:31  Drone  
  120  6:34  Roach x2  
  120  6:36  Roach  
  120  6:39  Lurker  
  127  6:44  Overlord  
  127  6:46  Lurker  
  130  6:47  Roach  
  130  6:53  Lurker  
  130  6:54  Zergling x2, Roach x2  
  132  6:56  Zergling x2, Roach, Queen, Spore Crawler  
  132  6:57  Drone  
  132  6:58  Spore Crawler  
  132  6:59  Drone, Roach  
  132  7:00  Drone  
  132  7:01  Lurker, Spine Crawler  
  145  7:05  Baneling x2  
  145  7:06  Overlord, Baneling x2  
  145  7:07  Drone, Baneling  
  145  7:09  Drone, Baneling  
  145  7:10  Baneling, Extractor  
  145  7:12  Baneling, Extractor  
  144  7:17  Drone  
  144  7:18  Drone  
  144  7:19  Centrifugal Hooks  
  144  7:20  Drone  
  147  7:25  Overlord  
  147  7:26  Drone, Roach x2  
  147  7:27  Zergling x2  
  147  7:28  Drone  
  147  7:29  Drone x2  
  151  7:30  Drone x2  
  151  7:32  Drone  
  145  7:39  Drone  
  145  7:40  Drone  
  145  7:42  Drone, Hatchery  
  117  7:46  Baneling  
  117  7:49  Hydralisk  
  117  7:50  Hydralisk  
  97  7:51  Baneling  
  97  7:52  Hydralisk  
  97  7:57  Zergling x2  
  97  7:58  Zergling x4  
  93  8:00  Zergling x2  
  93  8:01  Zergling x6, Spine Crawler  
  93  8:02  Roach  
  93  8:03  Drone, Roach x2  
  93  8:04  Hydralisk  
  102  8:12  Drone  
  103  8:15  Zergling x2, Drone  
  105  8:22  Baneling x2  
  105  8:23  Drone  
  105  8:24  Drone, Baneling x2  
  105  8:25  Baneling x2  
  105  8:26  Drone, Baneling x2  
  108  8:27  Baneling x3  
  108  8:29  Zergling x4  
  108  8:30  Zergling x2, Baneling  
  108  8:31  Lurker, Baneling x2  
  108  8:33  Roach  
  108  8:34  Hydralisk, Drone, Ravager  
  115  8:35  Zergling x4  
  115  8:38  Drone  
  115  8:39  Baneling, Ravager  
  122  8:41  Zergling x2  
  122  8:42  Zergling x4, Baneling  
  122  8:43  Lurker x2, Spine Crawler  
  122  8:44  Queen  
  122  8:45  Roach  
  122  8:46  Roach  
  132  8:49  Roach  
  132  8:50  Lurker  
  132  8:54  Zergling x2, Baneling  
  136  8:56  Baneling, Roach  
  136  8:57  Roach  
  136  8:59  Roach  
  136  9:01  Roach  
  136  9:02  Roach x2  
  148  9:04  Hydralisk, Overlord  
  148  9:05  Hydralisk, Drone  
  148  9:06  Hatchery, Extractor  
  148  9:07  Lurker, Roach  
  148  9:08  Hydralisk  
  156  9:10  Drone, Spine Crawler, Roach  
  156  9:11  Overseer, Roach x2  
  156  9:12  Overseer  
  156  9:14  Spine Crawler  
  156  9:16  Roach  
  163  9:17  Spore Crawler  
  163  9:18  Drone, Zerg Ground Armor Level 2  
  163  9:19  Drone  
  163  9:22  Drone, Zerg Missile Weapons Level 2, Spore Crawler  
  162  9:26  Overlord, Spine Crawler  
  162  9:27  Baneling x2  
  162  9:29  Drone, Infestation Pit  
  162  9:30  Drone  
  151  9:32  Drone, Extractor  
  151  9:33  Zergling x4  
  151  9:34  Zergling x2  
  151  9:37  Drone, Spine Crawler  
  151  9:38  Roach x3  
  123  9:39  Drone, Hydralisk  
  123  9:40  Zergling x2  
  123  9:41  Zergling x2  
  123  9:42  Drone, Spine Crawler  
  123  9:43  Ravager  
  123  9:45  Drone  
  112  9:47  Ravager  
  112  9:48  Drone  
  112  9:49  Spore Crawler  
  112  9:51  Hydralisk  
  102  9:52  Roach  
  102  9:55  Hydralisk  
  102  9:56  Baneling  
  102  9:58  Hydralisk  
  102  10:01  Zergling x4  
  102  10:02  Zergling x4, Queen  
  102  10:04  Zergling x2, Spire  
  102  10:06  Zergling x2  
  103  10:08  Zergling x2, Drone  
  103  10:09  Zergling x2, Drone  
  103  10:10  Drone  
  103  10:11  Drone, Roach  
  113  10:14  Roach  
  113  10:15  Drone  
  113  10:16  Spore Crawler  
  113  10:19  Drone, Ravager, Spore Crawler  
  113  10:20  Drone x2  
  113  10:21  Queen x2  
  114  10:22  Baneling  
  114  10:23  Baneling  
  114  10:25  Drone  
  114  10:26  Drone, Baneling  
  109  10:28  Baneling  
  109  10:29  Drone x2, Zergling x2  
  109  10:30  Zergling x6  
  109  10:31  Extractor  
  96  10:36  Hydralisk  
  96  10:37  Drone  
  96  10:38  Drone x2  
  96  10:39  Drone, Hive  
  96  10:40  Drone  
  96  10:41  Drone  
  90  10:47  Spore Crawler  
  90  10:48  Drone  
  83  10:50  Drone  
  83  10:51  Drone  
  83  10:52  Drone  
  83  10:53  Spore Crawler  
  83  10:56  Zergling x4  
  87  10:57  Zergling x2  
  87  10:58  Zergling x2, Roach  
  87  10:59  Zergling x2, Baneling  
  87  11:00  Zergling x2, Hatchery, Baneling x2  
  87  11:01  Zergling x4, Baneling  
  87  11:02  Baneling x2  
  87  11:03  Zergling x2  
  94  11:06  Spine Crawler  
  94  11:09  Spine Crawler  
  94  11:10  Drone  
  92  11:11  Zergling x2  
  92  11:12  Roach  
  92  11:14  Baneling  
  92  11:15  Roach  
  92  11:17  Drone x3, Overseer x2  
  92  11:19  Queen  
  92  11:21  Zergling x2  
  92  11:22  Zergling x2  
  92  11:24  Mutalisk  
  92  11:25  Overlord  
  95  11:26  Zergling x4, Mutalisk  
  95  11:27  Mutalisk, Infestor  
  95  11:28  Drone, Zergling x4  
  95  11:29  Drone x2  
  95  11:32  Hydralisk  
  95  11:33  Drone  
  95  11:34  Hydralisk, Queen  
  95  11:36  Hydralisk, Queen  
  95  11:37  Drone  
  95  11:38  Drone x3  
  95  11:39  Evolution Chamber  
  85  11:43  Hydralisk  
  85  11:45  Drone  
  82  11:48  Drone  
  82  11:49  Spore Crawler  
  82  11:53  Drone  
  74  11:54  Zergling x4  
  74  11:55  Zergling x4, Spore Crawler  
  74  11:56  Zergling x4  
  74  11:57  Zergling x4  
  74  11:58  Zergling x2, Roach  
  74  11:59  Roach  
  79  12:06  Drone  
  69  12:08  Overseer  
  69  12:10  Zergling x2  
  69  12:11  Hydralisk  
  47  12:16  Zergling x2  
  47  12:17  Spine Crawler  
  47  12:22  Roach  
  44  12:23  Roach x2  
  44  12:24  Roach  
  44  12:26  Drone  
  48  12:30  Drone  
  48  12:33  Drone  
  48  12:34  Drone  
  45  12:44  Overlord  
  36  12:48  Overlord  
Show
View Real Time Build Order
Export as new Build Order

프로브 Terran - Winner!

Build Orders: Reaper Expand 

Get SALT Encoding   

  12  0:00  SCV  
  13  0:12  SCV  
  14  0:17  Supply Depot  
  14  0:24  SCV  
  15  0:39  SCV  
  15  0:40  Barracks  
  16  0:44  Refinery  
  16  0:51  SCV  
  17  1:03  SCV  
  18  1:15  SCV  
  19  1:27  Orbital Command  
  19  1:28  Reaper  
  20  1:40  Command Center  
  20  1:53  SCV  
  21  1:58  Supply Depot  
  21  2:00  Barracks Reactor  
  21  2:08  SCV  
  21  2:09  Refinery  
  22  2:21  SCV  
  23  2:24  Factory  
  23  2:33  SCV  
  24  2:45  SCV  
  25  2:52  Marine  
  25  2:53  Marine  
  25  2:57  SCV  
  28  3:09  SCV  
  28  3:10  Orbital Command  
  29  3:18  Barracks  
  29  3:19  Barracks  
  29  3:21  Barracks Tech Lab  
  29  3:23  SCV  
  30  3:32  Command Center  
  30  3:35  SCV  
  30  3:36  SCV  
  32  3:41  Combat Shield  
  32  3:45  Marine  
  33  3:52  Hellion  
  33  3:55  Hellion  
  35  4:03  SCV  
  35  4:04  SCV  
  37  4:12  Barracks Tech Lab  
  37  4:13  Barracks Reactor  
  37  4:17  Supply Depot  
  37  4:18  Supply Depot  
  37  4:25  SCV  
  37  4:26  SCV  
  39  4:32  Stimpack  
  39  4:35  Starport  
  39  4:38  SCV  
  40  4:39  Engineering Bay  
  40  4:42  SCV  
  40  4:44  Orbital Command  
  41  4:48  Refinery  
  41  4:49  Refinery  
  41  4:50  SCV  
  41  4:51  Engineering Bay  
  42  4:54  SCV  
  42  4:56  Marine x2  
  45  5:00  Concussive Shells  
  45  5:02  Marauder x2, SCV  
  50  5:12  SCV x2  
  52  5:21  SCV  
  53  5:24  SCV x2  
  53  5:27  Marauder  
  53  5:28  Marauder, Marine x2  
  61  5:29  Medivac x2  
  65  5:37  Barracks  
  65  5:41  Barracks  
  65  5:43  Orbital Command  
  65  5:51  Factory Tech Lab  
  65  5:52  SCV x2  
  67  6:02  Marine x4  
  71  6:07  Terran Infantry Armor Level 1, Terran Infantry Weapons Level 1  
  71  6:09  Supply Depot  
  71  6:11  Armory  
  71  6:14  Supply Depot, SCV x3  
  74  6:19  Medivac  
  74  6:23  Missile Turret  
  76  6:26  Supply Depot, SCV  
  76  6:29  Barracks Reactor  
  76  6:31  Marauder, Marine x2, Siege Tank  
  76  6:32  Barracks Tech Lab  
  84  6:38  Supply Depot x2, SCV  
  84  6:39  SCV  
  86  6:40  SCV  
  86  6:45  Supply Depot  
  87  7:02  Marauder, Marine x3  
  87  7:03  Marauder  
  87  7:04  Siege Tank  
  87  7:06  SCV  
  87  7:07  SCV x2  
  100  7:08  Refinery  
  100  7:09  Refinery  
  100  7:14  Barracks  
  100  7:17  Supply Depot  
  100  7:19  Marine, SCV  
  100  7:20  Supply Depot  
  102  7:24  Terran Vehicle And Ship Armor Level 1  
  102  7:25  Supply Depot, Marine x4  
  102  7:26  Marauder  
  108  7:31  Supply Depot  
  108  7:32  Ghost Academy  
  102  7:55  Marine x5  
  102  7:56  Marauder, Marine  
  110  8:07  Barracks  
  110  8:08  Medivac x2  
  110  8:10  Barracks  
  110  8:11  Barracks  
  114  8:13  Marine x5  
  114  8:14  Marauder  
  121  8:31  Marine  
  121  8:32  Marauder, Marine x4  
  128  8:35  Marauder  
  128  8:39  Personal Cloaking  
  128  8:41  Supply Depot x2  
  128  8:49  Marine x3  
  128  8:50  Marauder  
  128  8:51  SCV x3  
  128  8:53  Marauder  
  128  8:54  Supply Depot  
  138  8:56  Barracks  
  138  9:01  Factory  
  138  9:03  SCV x2  
  138  9:08  Barracks Tech Lab, Barracks Reactor  
  140  9:16  Command Center  
  140  9:19  Barracks Reactor  
  140  9:21  Terran Infantry Armor Level 2, Terran Infantry Weapons Level 2  
  140  9:24  Supply Depot  
  140  9:26  Supply Depot  
  140  9:27  Medivac  
  140  9:30  Ghost x3  
  145  9:42  Marauder, Marine x2  
  145  9:54  Siege Tank  
  145  9:55  Factory Tech Lab  
  145  9:59  Marauder  
  146  10:12  Marine x5  
  146  10:13  Marauder x3, Marine x4  
  157  10:17  SCV x3  
  157  10:20  Marauder  
  156  10:23  Medivac  
  156  10:26  Siege Tank  
  156  10:29  SCV x3  
  156  10:30  Marine x4  
  156  10:34  Marauder  
  163  10:37  Planetary Fortress  
  163  10:41  SCV x3  
  164  10:46  Medivac  
  160  10:52  Ghost x2, Marine x4  
  160  10:53  Marauder, Marine x5, SCV x2  
  177  10:59  Refinery  
  177  11:01  Refinery  
  173  11:19  Medivac x2  
  177  11:27  Barracks Tech Lab  
  177  11:31  SCV x4  
  180  11:33  Starport  
  180  11:34  Starport  
  180  11:35  Command Center  
  180  11:38  Command Center  
  176  11:49  Medivac x2  
  180  12:07  Ghost  
  182  12:09  Marauder x3, Marine x4  
  182  12:14  Command Center  
  189  12:17  Command Center  
  189  12:22  Medivac x2  
  191  12:29  Siege Tank x2  
  193  12:50  Missile Turret  
  193  12:55  Missile Turret  
  194  13:05  Command Center  
Tags
 
Add a new tag
Caveats
  • Supply blocks, unpowered buildings, or Contaminate may cause inaccurate times.
  • Supply counts are checked every 10 seconds.